 Dungeon Crawl Stone Soup version 0.28-a0-479-g5baa6b73be (webtiles) character file.

Game seed: 17483236985819039443

185 Conn the Sneak (level 5, -2/32 HPs)
             Began as an Octopode Fire Elementalist on Sept 18, 2021.
             Shot with an arrow by a centaur (7 damage)
             ... on level 6 of the Dungeon.
             The game lasted 00:08:13 (2764 turns).

Conn the Sneak (Octopode Fire Elementalist)         Turns: 2764, Time: 00:08:14

Health: -2/32      AC:  1    Str:  8    XL:     5   Next: 64%
Magic:  0/9        EV: 13    Int: 18    God:
Gold:   145        SH:  0    Dex: 12    Spells: 2/9 levels left

rFire   . . .      SeeInvis .   a - +0 short sword (speed)
rCold   . . .      Faith    .   (no shield)
rNeg    . . .      Spirit   .   (helmet restricted)
rPois   .          Reflect  .   (no amulet)
rElec   .          Harm     .   (no ring)
rCorr   .          Rampage  .   (no ring)
Will    .....                   (no ring)
Stlth   +++.......              (no ring)
HPRegen 0.10/turn               (no ring)
MPRegen 0.11/turn               (no ring)
                                (no ring)
                                (no ring)

@: no status effects
A: almost no armour, amphibious, 8 rings, camouflage 1, gelatinous body 1,
(nimble swimmer 1), tentacles
a: no special abilities


You were on level 6 of the Dungeon.
You visited 1 branch of the dungeon, and saw 4 of its levels.

You collected 145 gold pieces.

Inventory:

Hand Weapons
 a - a +0 short sword of speed (weapon)
Scrolls
 b - 5 scrolls of identify {unknown}
 d - 2 scrolls of amnesia {unknown}
 e - 3 scrolls of teleportation {unknown}
 f - a scroll of brand weapon {unknown}
 h - a scroll of enchant armour {unknown}
Potions
 c - 2 potions of cancellation {unknown}
 g - a potion of might {unknown}
 i - 2 potions of degeneration {unknown}
 j - a potion of curing {unknown}


   Skills:
 + Level 0.4 Fighting
 + Level 1.6 Short Blades
 + Level 2.5 Dodging
 + Level 4.0 Stealth
 + Level 2.8 Spellcasting
 + Level 2.2 Conjurations
 + Level 3.9 Fire Magic


You had 2 spell levels left.
You knew the following spells:

 Your Spells              Type           Power      Damage    Failure   Level
a - Foxfire               Conj/Fire      52%        2x1d6     4%          1
b - Conjure Flame         Conj/Fire      13%        6-21      14%         3
c - Inner Flame           Hex/Fire       9%         N/A       22%         3

Your spell library contained the following spells:

 Spells                   Type           Power      Damage    Failure   Level
 Scorch                   Fire           32%        2d7       4%          2
 Flame Wave               Conj/Fire      13%        3d5       43%         4
 Dispersal                Tloc           1%         N/A       100%        6
 Disjunction              Tloc           1%         N/A       100%        8


Dungeon Overview and Level Annotations

Branches:
Dungeon (3/15)

Altars:
Kikubaaqudgha
Beogh


Innate Abilities, Weirdness & Mutations

You cannot wear most types of armour.
You are amphibious.
You can wear up to eight rings at the same time.
Your skin changes colour to match your surroundings (Stealth+).
Your rubbery body absorbs attacks. (AC +1, EV +1)
((You are camouflaged near water. (Stealth+)))
You have tentacles for arms and can constrict up to eight enemies at once.


Message History

There is an open door here.
A kobold brigand and a centaur come into view.
The kobold brigand is wielding a +0 dagger and quivering poisoned darts.
Found a scroll labelled PIMNUBAKLA.
The kobold brigand shouts!
The centaur shouts!
Casting: Foxfire (safe; 4% risk of failure)
Confirm with . or Enter, or press ? or * to list all spells.
The spell is quite dangerous to cast (22% risk of failure)!
Continue anyway?
Aiming: Inner Flame (quite dangerous; 22% risk of failure)
Press: ? - help, Shift-Dir - straight line, f - kobold brigand
Aim: a kobold brigand, wielding a +0 dagger and quivering poisoned darts (chance to affect: 56%)
The kobold brigand resists with significant effort.
The kobold brigand barely misses you.
Unknown command.
Casting: Inner Flame (quite dangerous; 22% risk of failure)
Confirm with . or Enter, or press ? or * to list all spells.
The spell is quite dangerous to cast (22% risk of failure)!
Continue anyway?
Aiming: Inner Flame (quite dangerous; 22% risk of failure)
Press: ? - help, Shift-Dir - straight line, f/p - kobold brigand
Aim: a kobold brigand, wielding a +0 dagger and quivering poisoned darts (chance to affect: 56%)
The kobold brigand resists with significant effort.
The centaur wields a +0 shortbow.
The centaur shoots an arrow.
The arrow barely misses you. The kobold brigand closely misses you.
Casting: Inner Flame (quite dangerous; 22% risk of failure)
Confirm with . or Enter, or press ? or * to list all spells.
The spell is quite dangerous to cast (22% risk of failure)!
Continue anyway?
Aiming: Inner Flame (quite dangerous; 22% risk of failure)
Press: ? - help, Shift-Dir - straight line, f/p - kobold brigand
Aim: a kobold brigand, wielding a +0 dagger and quivering poisoned darts (chance to affect: 56%)
The kobold brigand is filled with an inner flame.
The centaur shoots an arrow.
The arrow hits you!
The kobold brigand hits you with a +0 dagger.
The centaur shoots an arrow.
The arrow hits you!
The centaur shoots an arrow.
The arrow hits you.
* * * LOW HITPOINT WARNING * * *
The kobold brigand throws a poisoned dart.
The poisoned dart misses you.
The centaur shoots an arrow.
The arrow barely misses you.
The centaur shoots an arrow.
The arrow hits you!
You die...

##....#.......#
#..o..#.......#
#....##.......#
#.... ##.....##
#..# ##...##
#:########'####
#.....(.......#
#.............#
#...........@.#
####+########.#
###..# #..K.#
#...c# #.....#
#....## #.?..#
#..###


You could see a centaur.

Vanquished Creatures
  A water moccasin skeleton (D:3)
  A hound (D:6)
  A hound skeleton (D:3)
  4 adders
  2 orcs
  6 ball pythons
  6 endoplasms
  2 giant cockroaches (D:2)
  5 goblins (D:2)
  4 hobgoblins
  6 jackals (D:1)
  2 quokkas
  6 bats
  2 frilled lizards (D:1)
  6 kobolds
  4 rats
58 creatures vanquished.

Vanquished Creatures (others)
  142 foxfires
142 creatures vanquished.

Grand Total: 200 creatures vanquished

Notes
Turn   | Place    | Note
-------+----------+-------------------------------------------
     0 | D:1      | Conn the Octopode Fire Elementalist began the quest for the
                  | Orb.
     0 | D:1      | Reached XP level 1. HP: 11/11 MP: 3/3
   246 | D:1      | Reached XP level 2. HP: 17/17 MP: 5/5
   559 | D:1      | Reached skill level 3 in Stealth
  1127 | D:2      | Reached XP level 3. HP: 21/21 MP: 3/6
  1234 | D:2      | Reached skill level 1 in Short Blades
  1566 | D:2      | Reached XP level 4. HP: 27/27 MP: 1/7
  2086 | D:2      | Learned a level 3 spell: Conjure Flame
  2090 | D:2      | Learned a level 3 spell: Inner Flame
  2356 | D:3      | Found an ancient bone altar of Kikubaaqudgha.
  2560 | D:3      | Reached XP level 5. HP: 29/32 MP: 7/9
  2637 | D:3      | You fall into a shaft and drop 3 floors!
  2638 | D:6      | Noticed an orc warrior
  2653 | D:6      | Reached skill level 4 in Stealth
  2756 | D:6      | Noticed a kobold brigand
  2756 | D:6      | Noticed a centaur
  2764 | D:6      | Shot with an arrow by a centaur

Illustrated notes

Levels and vault maps discovered:
D:1:      amcnicky_arrival_wind_blow, layout_basic
D:2:      layout_rooms, minmay_fractal_squares_5
D:3:      layout_basic, mainiacjoe_overflow_concentric_impassable,
          nicolae_overflow_hidden_temple, ebering_ecumenical_altar_webs,
          kennysheep_orc_chapel
D:6:      minmay_opposing_rooms, layout_loops_ring, uniq_edmund, uniq_duvessa,
          uniq_pikel

Skill      XL: |  1  2  3  4  5 |
---------------+----------------+-----
Stealth        | 3 4 |  4.0
Short Blades   | 1 |  1.6
Conjurations   | 2 |  2.2
Fighting       | |  0.4
Dodging        | |  2.5
Spellcasting   | |  2.8
Fire Magic     | |  3.9

Action                   |  1- 3 |  4- 6 || total
-------------------------+-------+-------++-------
Melee: Short sword       |    40 |    28 ||    68
       Constrict         |    11 |     5 ||    16
       Tentacles         |     5 |     1 ||     6
 Cast: Foxfire           |    47 |    40 ||    87
       Inner Flame       |       |     3 ||     3
 Stab: Sleeping          |     2 |     1 ||     3
Armor: Skin              |     4 |     2 ||     6
Dodge: Dodged            |    28 |    25 ||    53

Table legend: (Time is in decaauts)
 A = Elapsed time spent in this place.
 B = Non-inter-level travel time spent in this place.
 C = Inter-level travel time spent in this place.
 D = Time resting spent in this place.
 E = Time spent auto-exploring this place.
 F = Levels seen in this place.
 G = Mean time per level.
                   A        B        C        D        E       F      G
               +--------+--------+--------+--------+--------+-----+--------+
         Total |   2743 |   2712 |     31 |    146 |   1897 |   4 |  685.8 |
       Dungeon |   2743 |   2712 |     31 |    146 |   1897 |   4 |  685.8 |
               +--------+--------+--------+--------+--------+-----+--------+

Top non-repeatable levels by time:
     D:2: 1267 daAuts
     D:1: 1011 daAuts
     D:3: 338 daAuts
     D:6: 126 daAuts
